 Dungeon Crawl Stone Soup version 0.19-a0-835-gf140595 (webtiles) character file.

39 Implojin the Slasher (level 3, 0/31 HPs)
             Began as a Minotaur Fighter on June 30, 2016.
             Succumbed to a worker ant's poison
             ... on level 4 of the Dungeon.
             The game lasted 00:01:23 (246 turns).

Implojin the Slasher (Minotaur Fighter)              Turns: 246, Time: 00:01:24

Health: 0/31       AC:  6    Str: 20    XL:     3   Next: 28%
Magic:  2/2        EV:  7    Int:  5    God:
Gold:   27         SH:  9    Dex: 10    Spells: 0 memorised, 2 levels left

rFire  . . .     SeeInvis .     a - +0 long sword
rCold  . . .     Gourm    .     b - +0 scale mail
rNeg   . . .     Faith    .     c - +0 shield
rPois  .         Spirit   .     (helmet restricted)
rElec  .         Dismiss  .     (no cloak)
rCorr  .         Reflect  .     (no gloves)
SustAt .         Harm     .     (no boots)
MR     .....                    (no amulet)
Stlth  ..........               (no ring)
                                (no ring)

@: lethally poisoned (0 -> -8), not resistant to hostile enchantments, extremely
unstealthy
A: retaliatory headbutt, horns 2
a: no special abilities


You were on level 4 of the Dungeon.
You were not hungry.

You visited 1 branch of the dungeon, and saw 4 of its levels.

You collected 27 gold pieces.

Inventory:

Hand Weapons
 a - a +0 long sword (weapon)
Armour
 b - a +0 scale mail (worn)
 c - a +0 shield (worn)
Jewellery
 h - a +4 ring of evasion
 j - an uncursed ring of stealth {unknown}
Potions
 d - a potion of might
Comestibles
 f - a bread ration
 g - 2 meat rations


   Skills:
 - Level 3.6 Fighting
 * Level 4.5 Long Blades
 - Level 3.6 Armour
 - Level 3.6 Shields


You had 2 spell levels left.
You didn't know any spells.

Dungeon Overview and Level Annotations

Branches:
Dungeon (4/15)
 Temple: D:4-7

Altars:
Ru
Xom


Innate Abilities, Weirdness & Mutations

You reflexively headbutt those who attack you in melee.
You have a pair of horns on your head.


Message History

You are lethally poisoned!
The worker ant poisons you!
The worker ant bites you but does no damage.
Unknown command.
Okay, then.
You hit the worker ant. Your headbutt misses the worker ant.
The worker ant is almost dead.
* * * LOW HITPOINT WARNING * * *
You feel sick. You block the worker ant's attack.
Unknown command.
You closely miss the worker ant.
The worker ant is almost dead.
* * * LOW HITPOINT WARNING * * *
You feel sick. The worker ant bites you.
* * * LOW HITPOINT WARNING * * *
The worker ant bites you but does no damage.
Unknown command.
It was a potion of cure mutation.
It has a very clean taste.
* * * LOW HITPOINT WARNING * * *
You feel sick. The worker ant barely misses you.
You hit the worker ant.
You kill the worker ant!
Your Long Blades skill increases to level 4!
You have reached level 3!
Your experience leads to an increase in your attributes!
Increase (S)trength, (I)ntelligence, or (D)exterity?
You feel agile.
* * * LOW HITPOINT WARNING * * *
You feel sick.
Unknown command.
* * * LOW HITPOINT WARNING * * *
You feel sick.
You see here a worker ant corpse.
Okay, then.
As you read the scroll labeled FIUROBRIEQ, it crumbles to dust.
It is a scroll of identify.
h - a +4 ring of evasion
* * * LOW HITPOINT WARNING * * *
You feel sick.
You die...

## .! #######.
#...#.. #.#.#.#
#.#...#.#
#.#.@...# ##
#.#†##..# ..
#.#.# .... ##>#.
#...# #..[
......##.#####.
#.
.......<........
.#.....#######.#
###... #.#.


There were no monsters in sight!

Vanquished Creatures
  A worker ant (D:4)
  An adder (D:3)
  A giant cockroach (D:2)
  A hobgoblin (D:1)
  2 jackals (D:3)
  A ball python (D:2)
  A giant newt (D:2)
  A rat (D:3)
9 creatures vanquished.

Notes
Turn   | Place    | Note
--------------------------------------------------------------
     0 | D:1      | Implojin the Minotaur Fighter began the quest for the Orb.
     0 | D:1      | Reached XP level 1. HP: 19/19 MP: 0/0
    64 | D:2      | Found a shimmering altar of Xom.
    83 | D:2      | Found a sacrificial altar of Ru.
   185 | D:3      | Reached skill level 3 in Long Blades
   227 | D:3      | Reached XP level 2. HP: 18/26 MP: 1/1
   243 | D:4      | Reached skill level 4 in Long Blades
   243 | D:4      | Reached XP level 3. HP: 4/31 MP: 2/2
   245 | D:4      | HP: 1/31 [poisoned by a worker ant]
   246 | D:4      | Succumbed to a worker ant's poison

Vault maps used:
D:1:      lemuel_arrival_tunnels, minmay_pentomino_z4
D:2:      nemelex_xobeh_ov_fountains_minmay, nicolae_ru_sacrificial_ziggurat,
          lemuel_doored_altar, evilmike_ruin_ashenzari,
          lemuel_coloured_pillars_altar
D:3:      lemuel_crystal_altar, old_standard_altar
D:4:      minmay_misc_feat_ornament

Skill      XL: |  1  2 |
---------------+-------+-----
Long Blades    | 3 4 |  4.5
Fighting       | |  3.6
Armour         | |  3.6
Shields        | |  3.6

Action                   || total
-------------------------++-------
Melee: Long sword        ||    41
       Headbutt          ||     4
  Use: Potion            ||     1
       Scroll            ||     1
Armor: Scale mail        ||    18
Dodge: Dodged            ||    11
Block: Shield            ||    18

Table legend:
 A = Turns spent in this place as a percentage of turns spent in the entire game.
 B = Non-inter-level travel turns spent in this place as a percentage of non-inter-level travel turns spent in the entire game.
 C = Inter-level travel turns spent in this place as a percentage of turns spent in this place.
 D = Turns resting spent in this place as a percentage of non-inter-level travel turns spent in this place.
 E = Turns spent auto-exploring this place as a percentage of non-inter-level travel turns spent in this place.
 F = Non-inter-level travel turns spent in this place divided by the number of levels of this place that you've seen.
                   A       B       C       D       E      F
               +-------+-------+-------+-------+-------+----------------------
         Total | 100.0 | 100.0 |   0.0 |   0.0 |   0.0 |  62.2
       Dungeon | 100.0 | 100.0 |   0.0 |   0.0 |   0.0 |  62.2
               +-------+-------+-------+-------+-------+----------------------

Table legend:
 A = Kills in this place as a percentage of kills in entire the game.
 B = Kills by you in this place as a percentage of kills by you in the entire game.
 C = Kills by friends in this place as a percentage of kills by friends in the entire game.
 D = Other kills in this place as a percentage of other kills in the entire game.
 E = Experience gained in this place as a percentage of experience gained in the entire game.
 F = Experience gained in this place divided by the number of levels of this place that you have seen.
                   A       B       C       D       E      F
               +-------+-------+-------+-------+-------+----------------------
         Total | 100.0 | 100.0 |  -nan |  -nan | 100.0 |  14.2
       Dungeon | 100.0 | 100.0 |  -nan |  -nan | 100.0 |  14.2
               +-------+-------+-------+-------+-------+----------------------
